 Dungeon Crawl Stone Soup version 0.27-a0-1322-gfdffb62a71 (webtiles) character file.

Game seed: 9202353327656602672

15579 ipx the Nimble (level 12, -3/64 HPs)
             Began as a Deep Elf Fire Elementalist on June 22, 2021.
             Was a Priest of Vehumet.
             Slain by a cane toad (9 damage)
             ... on level 4 of the Lair of Beasts.
             The game lasted 01:05:41 (4260 turns).

ipx the Nimble (Deep Elf Fire Elementalist)         Turns: 4260, Time: 01:05:41

Health: -3/64      AC:  5    Str: 12    XL:     12   Next: 2%
Magic:  11/26      EV: 17    Int: 35    God:    Vehumet [***...]
Gold:   577        SH:  5    Dex: 15    Spells: 14/27 levels left

rFire    . . .     SeeInvis .   a - +0 dagger (elec)
rCold    . . .     Faith    .   q - +0 buckler
rNeg     + . .     Spirit   .   u - +1 leather armour of Agnosticism {-Tele *Slow Regen+ Int+9}
rPois    .         Reflect  .   (no helmet)
rElec    .         Harm     .   r - +0 cloak
rCorr    .         Rampage  .   (no gloves)
Will     ++...     NoTele   +   (no boots)
Stlth    +++.......             J - amulet of magic regeneration
HPRegen  1.20/turn              W - ring of the Sun {rN+ Will+ Str+7}
MPRegen  0.45/turn              (no ring)

@: mesmerised, slowed, very slow
A: no striking features
a: Renounce Religion


You were on level 4 of the Lair of Beasts.
You worshipped Vehumet.
Vehumet was most pleased with you.
You visited 3 branches of the dungeon, and saw 15 of its levels.

You collected 577 gold pieces.

Inventory:

Hand Weapons
 a - a +0 dagger of electrocution (weapon)
 m - a +2 dagger of venom
 n - a +3 whip
 B - the +3 hunting sling of the Vestibule of Hell {venom, rElec rN+ SInv}
   (You found it on level 1 of the Lair of Beasts)

   It poisons the ammo it fires.
   It insulates you from electricity.
   It protects you from negative energy.
   It lets you see invisible.
Armour
 d - a +0 robe
 q - a +0 buckler (worn)
 r - a +0 cloak (worn)
 u - the +1 leather armour of Agnosticism (worn) {-Tele *Slow Regen+ Int+9}
   (You found it on level 6 of the Dungeon)

   It affects your intelligence (+9).
   It prevents most forms of teleportation.
   It increases your rate of health regeneration.
   It may slow you when you take damage.
Jewellery
 J - an amulet of magic regeneration (around neck)
 W - the ring of the Sun (left hand) {rN+ Will+ Str+7}
   (You found it on level 4 of the Dungeon)

   [ring of positive energy]

   It affects your strength (+7).
   It protects you from negative energy.
   It increases your willpower.
Wands
 w - a wand of iceblast (9)
 y - a wand of paralysis (15)
Scrolls
 b - 5 scrolls of teleportation
 f - 4 scrolls of identify {unknown}
 j - 2 scrolls of immolation
 o - 2 scrolls of vulnerability {unknown}
 s - a scroll of enchant weapon {unknown}
 t - 2 scrolls of blinking {unknown}
 v - a scroll of torment {unknown}
 x - a scroll of acquirement {unknown}
 z - a scroll of amnesia {unknown}
 A - a scroll of magic mapping {unknown}
Potions
 c - 2 potions of berserk rage {unknown}
 e - 2 potions of brilliance {unknown}
 g - a potion of flight {unknown}
 i - a potion of heal wounds
 k - 6 potions of curing {unknown}
 l - a potion of degeneration {unknown}
 p - a potion of mutation {unknown}


   Skills:
 + Level 2.7 Fighting
 * Level 11.7 Dodging
 + Level 7.4 Stealth
 - Level 4.0 Shields
 - Level 8.0 Spellcasting
 - Level 11.0 Conjurations
 - Level 10.0 Fire Magic
 - Level 5.0 Evocations


You had 14 spell levels left.
You knew the following spells:

 Your Spells              Type           Power      Damage    Failure   Level
b - Fireball              Conj/Fire      36%        3d15      1%          5
f - Conjure Flame         Conj/Fire      72%        6-21      1%          3
t - Sticky Flame          Conj/Fire      72%        2d9       1%          4
z - Foxfire               Conj/Fire      100%       2x1d9     1%          1

Your spell library contained the following spells:

 Spells                   Type           Power      Damage    Failure   Level
 Fulminant Prism          Conj/Hex       25%        3d14      1%          4
 Inner Flame              Hex/Fire       49%        N/A       1%          3
 Summon Small Mammal      Summ           56%        N/A       3%          1
 Call Imp                 Summ           14%        N/A       6%          2
 Call Canine Familiar     Summ           14%        N/A       12%         3
 Summon Guardian Golem    Hex/Summ       14%        N/A       12%         3
 Yara's Violent Unravell  Hex/Tmut       7%         3d5       26%         5
 Cause Fear               Hex            7%         N/A       36%         4
 Summon Ice Beast         Ice/Summ       14%        N/A       36%         4
 Summon Lightning Spire   Summ/Air       14%        N/A       36%         4
 Silence                  Hex/Air        7%         N/A       71%         5
 Discord                  Hex            7%         N/A       100%        8


Dungeon Overview and Level Annotations

Branches:
Dungeon (10/15)            Temple (1/1) D:5            Lair (4/6) D:8
  Snake (0/4) Lair:4
  Swamp: Lair:2-4    Shoals: Lair:2-4       Orc: D:9-12

Altars:
Cheibriados
Dithmenos
Elyvilon
Kikubaaqudgha
Makhleb
Nemelex Xobeh
Okawaru
Qazlal
Ru
Sif Muna
Trog
Uskayaw
Vehumet
Xom
Yredelemnul
Zin
The Shining One

Annotations:
Lair:4 exclusion: upstairs


Message History

The yak gores you!
You feel yourself slow down.
Casting: Sticky Flame (safe; 1% risk of failure)
Confirm with . or Enter, or press ? or * to list all spells.
Okay, then.
Aiming: Paralyse
Press: ? - help, Shift-Dir - straight line, f - yak
Aim: a yak (severely wounded, chance to affect: 61%)
The yak suddenly stops moving!
You feel sick.
The merfolk siren chants its luring song. x2
Okay, then.
Unknown command.
Okay, then.
Okay, then.
The helpless cane toad fails to defend itself.
You impale the cane toad!!
Lightning courses through the cane toad!!
You kill the cane toad!
Vehumet accepts your kill.
You feel your power returning.
You feel sick.
You are no longer poisoned.
The merfolk siren misses you. The yak barely misses you.
You have reached level 12!
Your experience leads to an increase in your attributes!
Your base attributes are Str 5, Int 24, Dex 15.
Increase (S)trength, (I)ntelligence, or (D)exterity?
You feel clever. x2
Aiming: Paralyse
Press: ? - help, Shift-Dir - straight line, f - yak, p - yak
Aim: a yak (heavily wounded, chance to affect: 61%)
The yak suddenly stops moving!
The merfolk siren chants its luring song. x2
The helpless cane toad fails to defend itself.
You impale the cane toad!!
The cane toad is almost dead.
The sentinel's mark upon you fades away.
The cane toad is no longer paralysed.
The cane toad stings you!!
* * * LOW HITPOINT WARNING * * *
The merfolk siren chants its luring song.
The cane toad stings you!
You die...

.......P.. ...# ## #... ..
#..##..# ##...#..# #....#..##
#........# #mY.P...# ##YYY...#
#.@FY#..# ...## ##.Y....#
...#...##...# ##......# ...F.
...##...#...# #....#..# ..F..
... #..##... ##......# ....F.
..###..##.(## ##...#..# ......
...##...#..P# #...#...# #......
..###..##..####.......###.......
..#.#...#....###.......#........


You could see a merfolk siren (mesmerising), 6 yaks and a cane toad.

Vanquished Creatures
  3 hydras
  A death yak (Lair:3)
  3 two-headed ogres
  4 cane toads
  2 komodo dragons (Lair:1)
  A rime drake (Lair:4)
  A polar bear (Lair:4)
  8 blink frogs (Lair:1)
  2 basilisks
  5 yaks
  4 wyverns
  6 water moccasins
  5 sky beasts
  An orc warrior (D:9)
  2 ice beasts
  A necrophage (D:7)
  5 black bears
  An ogre (D:5)
  16 wolves
  A centaur (D:7)
  A phantom (D:6)
  A kobold brigand (D:9)
  13 bullfrogs
  2 scorpions (D:6)
  A wyvern skeleton (D:7)
  3 killer bees (D:9)
  3 howler monkeys (D:8)
  A bullfrog zombie (D:6)
  4 hounds
  3 jellies
  5 orc priests
  A centaur skeleton (D:6)
  6 hell rats (Lair:2)
  3 iguanas
  9 orc wizards
  A hound skeleton (D:4)
  5 adders
  2 gnolls (D:6)
  2 shadow imps
  An ufetubus (D:6)
  3 worms
  5 dart slugs
  12 orcs
  3 bats
  An endoplasm (D:2)
  4 giant cockroaches
  A goblin (D:4)
  3 hobgoblins
  9 jackals (D:2)
  3 quokkas
  6 ball pythons
  4 frilled lizards
  2 kobolds (D:9)
  A rat (D:2)
196 creatures vanquished.

Vanquished Creatures (collateral kills)
  A foxfire (Lair:4)
1 creature vanquished.

Vanquished Creatures (others)
  774 foxfires
  4 fungi
  11 plants
789 creatures vanquished.

Grand Total: 986 creatures vanquished

Notes
Turn   | Place    | Note
-------+----------+-------------------------------------------
     0 | D:1      | ipx the Deep Elf Fire Elementalist began the quest for the
                  | Orb.
     0 | D:1      | Reached XP level 1. HP: 10/10 MP: 6/6
   268 | D:1      | Reached XP level 2. HP: 15/15 MP: 4/8
   531 | D:2      | Reached XP level 3. HP: 19/19 MP: 6/9
   535 | D:2      | Learned a level 3 spell: Conjure Flame
   857 | D:3      | Reached XP level 4. HP: 24/24 MP: 5/10
  1025 | D:4      | Identified the ring of the Sun {rN+ Will+ Str+7}
  1031 | D:4      | Reached XP level 5. HP: 28/28 MP: 8/11
  1330 | D:5      | Entered Level 5 of the Dungeon
  1347 | D:5      | Reached skill level 5 in Conjurations
  1364 | D:5      | Reached XP level 6. HP: 32/32 MP: 9/12
  1368 | D:5      | Found a shadowy altar of Dithmenos.
  1378 | D:5      | Found a staircase to the Ecumenical Temple.
  1399 | Temple   | Entered the Ecumenical Temple
  1458 | Temple   | Became a worshipper of Vehumet
  1563 | D:5      | Found a white marble altar of Elyvilon.
  1664 | D:4      | Noticed an ice beast
  1679 | D:4      | Killed an ice beast
  1680 | D:4      | Reached skill level 5 in Fire Magic
  2007 | D:6      | Learned a level 4 spell: Sticky Flame
  2041 | D:6      | Reached skill level 1 in Shields
  2041 | D:6      | Reached XP level 7. HP: 32/36 MP: 8/13
  2065 | D:6      | Found an iron altar of Okawaru.
  2114 | D:6      | Found a basalt altar of Yredelemnul.
  2261 | D:6      | Identified the +1 leather armour of Agnosticism {-Tele
                  | *Slow Regen+ Int+9}
  2284 | D:6      | Reached XP level 8. HP: 39/41 MP: 11/14
  2380 | D:7      | Learned a level 5 spell: Fireball
  2474 | D:7      | Reached * piety under Vehumet
  2474 | D:7      | Offered knowledge of Magic Dart by Vehumet.
  2655 | D:7      | Reached XP level 9. HP: 45/45 MP: 10/16
  2703 | D:8      | Found a staircase to the Lair.
  2798 | D:8      | Reached skill level 1 in Evocations
  2800 | D:8      | Noticed a two-headed ogre
  2845 | D:9      | Found a glowing golden altar of the Shining One.
  2880 | D:9      | Noticed a kobold demonologist
  2881 | D:9      | Noticed a hellwing
  2915 | D:8      | Killed a two-headed ogre
  2955 | D:9      | Noticed a two-headed ogre
  2970 | D:9      | Killed a two-headed ogre
  2971 | D:9      | Reached skill level 10 in Conjurations
  3070 | D:9      | Found an ancient bone altar of Kikubaaqudgha.
  3080 | D:9      | Reached skill level 5 in Evocations
  3080 | D:9      | Reached XP level 10. HP: 50/50 MP: 12/18
  3096 | D:9      | Found a bloodstained altar of Trog.
  3121 | D:9      | Found a snail-covered altar of Cheibriados.
  3141 | D:9      | Reached ** piety under Vehumet
  3141 | D:9      | Offered knowledge of Shock by Vehumet.
  3216 | D:10     | Entered Level 10 of the Dungeon
  3266 | D:10     | Noticed a two-headed ogre
  3282 | D:10     | Killed a two-headed ogre
  3283 | D:10     | Reached skill level 5 in Dodging
  3283 | D:10     | Reached skill level 5 in Stealth
  3451 | Lair:1   | Entered Level 1 of the Lair of Beasts
  3553 | Lair:1   | Reached skill level 10 in Fire Magic
  3580 | Lair:1   | Reached skill level 5 in Spellcasting
  3645 | Lair:1   | Reached XP level 11. HP: 43/54 MP: 7/21
  3654 | Lair:1   | Identified the +3 hunting sling of the Vestibule of Hell
                  | {venom, rElec rN+ SInv}
  3668 | Lair:1   | Offered knowledge of Frozen Ramparts by Vehumet.
  3749 | Lair:2   | Noticed an eight-headed hydra
  3758 | Lair:2   | Killed an eight-headed hydra
  3789 | Lair:2   | Reached *** piety under Vehumet
  3887 | Lair:3   | Reached skill level 10 in Dodging
  3989 | Lair:3   | Noticed a death yak
  4015 | Lair:3   | Killed a death yak
  4016 | Lair:3   | Reached skill level 1 in Fighting
  4128 | Lair:4   | Offered knowledge of Fulminant Prism by Vehumet.
  4128 | Lair:4   | Noticed a seven-headed hydra
  4138 | Lair:4   | Killed a seven-headed hydra
  4213 | Lair:4   | Found a staircase to the Snake Pit.
  4225 | Lair:4   | Noticed a six-headed hydra
  4241 | Lair:4   | Killed a six-headed hydra
  4254 | Lair:4   | HP: 2/58 [cane toad (21)]
  4259 | Lair:4   | Reached XP level 12. HP: 21/64 MP: 10/26
  4260 | Lair:4   | Slain by a cane toad

Illustrated notes

Levels and vault maps discovered:
D:1:      amcnicky_arrival_blooded_trapdoor, layout_basic
D:2:      layout_basic, grunt_ministairs_1
D:3:      layout_rooms, feat_on_display, uniq_crazy_yiuf_cottage
D:4:      layout_loops_ring, serial_forest, infiniplex_forest_straight_1,
          infiniplex_forest_lined_2, infiniplex_forest_clump_diagonal,
          infiniplex_forest_clump_double, infiniplex_forest_straight_2,
          infiniplex_forest_straight_3, infiniplex_forest_clump_tiny,
          infiniplex_forest_straight_2, infiniplex_forest_lined_room_,
          kennysheep_generic_room_16
D:5:      layout_basic, general_overflow_altar, elyvilon_altar_5,
          minmay_temple_entry_trees, st_stairs_8, hangedman_abyss_or_decor_stabs
D:6:      layout_gridville, lemuel_tele_altar, nicolae_wu_jian_wuxing_cycle,
          lemuel_coloured_pillars_altar, serial_shops, kennysheep_little_box,
          minmay_bent
D:7:      layout_rooms
D:8:      layout_rooms, nicolae_ashenzari_panopticon,
          nicolae_gozag_seed_capital, fedhas_ov_isle_minmay, lair_entry_dummy
D:9:      layout_roguey, trog_ov_bears_minmay, lemuel_crystal_altar,
          overflow_temple_1_default, lemuel_round_altar, kennysheep_flooded_box
D:10:     layout_loops_corners, nicolae_hepliaklqana_monster_ancestors,
          minmay_misc_feat_iff, kennysheep_kite_vault
Temple:   nicolae_temple_figure_zero
Lair:1:   wander_river, layout_cave_pods, gammafunk_ghost_hydra_chop
Lair:2:   minmay_guarded_unrand_snakebite, layout_cave_pods, minivault_24,
          grunt_megastairs_4
Lair:3:   layout_cave_pods
Lair:4:   layout_long_grid, minmay_shoals_entry_lonely_mermaid,
          dummy_snake_entry, beast_lair_carwin_2, serial_bayou_shore_a,
          minmay_lair_oklob_chamber

Skill      XL: |  1  2  3  4  5  6  7  8  9 10 11 |
---------------+----------------------------------+-----
Conjurations   | 2 3 4 5 6 8 10 11 | 11.0
Fire Magic     | 4 5 6 7 9 10 | 10.0
Stealth        | 3 4 6 7 |  7.4
Shields        | 1 2 4 |  4.0
Dodging        | 3 4 7 11 | 11.7
Spellcasting   | 4 5 8 |  8.0
Evocations     | 5 |  5.0
Fighting       | 2 |  2.7

Action                   |  1- 3 |  4- 6 |  7- 9 | 10-12 || total
-------------------------+-------+-------+-------+-------++-------
Melee: Unarmed           |     1 |       |       |       ||     1
       Dagger            |       |       |     6 |    22 ||    28
Throw: Dart              |       |     4 |     8 |     3 ||    15
 Cast: Foxfire           |    83 |    67 |   144 |   177 ||   471
       Conjure Flame     |       |     2 |     3 |     3 ||     8
       Sticky Flame      |       |       |    18 |    39 ||    57
       Fireball          |       |       |     4 |    22 ||    26
Evoke: Wand              |       |       |       |     7 ||     7
  Use: Scroll            |       |     3 |       |       ||     3
       Potion            |       |       |       |     2 ||     2
 Stab: Paralysed         |       |       |       |     2 ||     2
Armor: Robe              |     2 |       |       |       ||     2
       Leather armour    |       |       |     5 |     6 ||    11
Dodge: Dodged            |    11 |     4 |    25 |    41 ||    81
Block: Buckler           |       |       |     5 |    17 ||    22

Table legend: (Time is in decaauts)
 A = Elapsed time spent in this place.
 B = Non-inter-level travel time spent in this place.
 C = Inter-level travel time spent in this place.
 D = Time resting spent in this place.
 E = Time spent auto-exploring this place.
 F = Levels seen in this place.
 G = Mean time per level.
                   A        B        C        D        E       F      G
               +--------+--------+--------+--------+--------+-----+--------+
         Total |   4285 |   4216 |     69 |      3 |      0 |  15 |  285.7 |
       Dungeon |   3399 |   3352 |     47 |      3 |      0 |  10 |  339.9 |
        Temple |     68 |     68 |      0 |      0 |      0 |   1 |   68.0 |
          Lair |    817 |    795 |     22 |      0 |      0 |   4 |  204.2 |
               +--------+--------+--------+--------+--------+-----+--------+

Top non-repeatable levels by time:
     D:4: 539 daAuts
     D:5: 425 daAuts
     D:2: 401 daAuts
     D:6: 395 daAuts
     D:1: 393 daAuts
     D:9: 372 daAuts
     D:7: 333 daAuts
  Lair:1: 280 daAuts
  Lair:3: 213 daAuts
    D:10: 196 daAuts
     D:8: 180 daAuts
  Lair:4: 170 daAuts
     D:3: 160 daAuts
  Lair:2: 153 daAuts
  Temple: 68 daAuts
